 Dungeon Crawl Stone Soup version 0.26.1-2-gb8aa6d0cf2 (webtiles) character file.

Game seed: 745831271879209038

6669 Erina the Severer (level 10, -2/77 HPs)
             Began as a Minotaur Berserker on Mar 11, 2021.
             Was a High Priest of Trog.
             Slain by a phantom (5 damage)
             ... on level 12 of the Dungeon.
             The game lasted 00:25:13 (8875 turns).

Erina the Severer (Minotaur Berserker)              Turns: 8875, Time: 00:25:14

Health: -2/77      AC: 17    Str: 21    XL:     10   Next: 73%
Magic:  9/9        EV:  7    Int:  7    God:    Trog [*****.]
Gold:   265        SH:  0    Dex: 11    Spells: 9/9 levels left

rFire    . . .     SeeInvis .   a - +0 hand axe
rCold    + . .     Faith    .   (no shield)
rNeg     . . .     Spirit   .   u - +0 plate armour {rC+}
rPois    +         Reflect  .   (helmet restricted)
rElec    .         Harm     .   e - +0 cloak {rPois}
rCorr    .         Rampage  .   (no gloves)
Will     ++...                  i - +0 pair of boots
Stlth    ..........             (no amulet)
HPRegen  1.22/turn              (no ring)
MPRegen  0.11/turn              (no ring)

@: mighty, berserk cooldown, regenerating, slowed, very slow
A: retaliatory headbutt, horns 2
a: Renounce Religion, Berserk, Trog's Hand, Brothers in Arms


You were on level 12 of the Dungeon.
You worshipped Trog.
Trog was extremely pleased with you.
You visited 2 branches of the dungeon, and saw 11 of its levels.

You collected 422 gold pieces.
You spent 157 gold pieces at shops.

Inventory:

Hand Weapons
 a - a +0 hand axe (weapon)
 n - a +3 quarterstaff of chaos
 o - a +4 dire flail
 A - the +6 mace "Uto Vyv" {flame, Will+ Dex+4, unknown}
   (You found it on level 6 of the Dungeon)

   It has been specially enchanted to burn those struck by it, causing extra
   injury to most foes and up to half again as much damage against particularly
   susceptible opponents.
   It affects your dexterity (+4).
   It affects your willpower, your defense against some magical effects.
 J - the +10 falchion "Tipp" {flame, rElec Str-3 Int+8, unknown}
   (You found it on level 9 of the Dungeon)

   It has been specially enchanted to burn those struck by it, causing extra
   injury to most foes and up to half again as much damage against particularly
   susceptible opponents.
   Big, fiery blades are also staple armaments of hydra-hunters.
   It affects your strength (-3).
   It affects your intelligence (+8).
   It insulates you from electricity.
Missiles
 C - 8 atropa-tipped darts
 D - 16 poisoned darts
 K - 7 silver javelins
Armour
 e - a +0 cloak of poison resistance (worn)
 i - a +0 pair of boots (worn)
 u - a +0 plate armour of cold resistance (worn)
Jewellery
 j - an uncursed ring of fire
 p - a cursed ring of attention {unknown}
 s - an uncursed amulet of magic regeneration
 x - a +4 ring of protection
 H - a cursed amulet of inaccuracy {unknown}
Wands
 c - a wand of flame (23)
 r - a wand of enslavement (9)
 F - a wand of polymorph (7)
 I - a wand of paralysis (1)
 L - a wand of disintegration (7)
Scrolls
 f - a scroll of random uselessness
 h - 2 scrolls of enchant weapon
 k - 5 scrolls of remove curse
 l - 5 scrolls of teleportation
 q - a scroll of fear
 y - 2 scrolls of magic mapping
 G - a scroll of immolation {unknown}
Potions
 b - a potion of brilliance {unknown}
 d - 2 potions of attraction {unknown}
 g - a potion of degeneration {unknown}
 m - a potion of magic {unknown}
 t - 3 potions of mutation
 v - a potion of might
 w - 3 potions of lignification
 z - 2 potions of flight {unknown}
 B - 2 potions of heal wounds {unknown}
 E - 2 potions of berserk rage {unknown}


   Skills:
 - Level 3.6 Fighting
 * Level 15.8 Axes
 + Level 10.9 Armour
 - Level 2.1 Dodging


You had 9 spell levels left.
You didn't know any spells.
Your spell library was empty.

Dungeon Overview and Level Annotations

Branches:
Dungeon (9/15)             Temple (1/1) D:6
   Lair: D:8-11         Orc: D:9-12

Altars:
Ashenzari
Cheibriados
Dithmenos
Elyvilon
Fedhas
Gozag
Hepliaklqana
Kikubaaqudgha
Makhleb
Nemelex Xobeh
Okawaru
Qazlal
Ru
Sif Muna
Trog
Uskayaw
Vehumet
Wu Jian
Xom
Yredelemnul
Zin
The Shining One

Shops:
D:5 [   D:7 }   D:8 [


Innate Abilities, Weirdness & Mutations

You reflexively headbutt those who attack you in melee.
You have a pair of horns on your head.


Message History

The phantom hits you but does no damage.
You feel very mighty all of a sudden.
The phantom hits you but does no damage.
The troll zombie bites you but does no damage.
The troll zombie completely misses you.
The troll zombie claws you but does no damage.
The phantom closely misses you. You furiously retaliate!
You headbutt the phantom! You slash the troll zombie!
The troll zombie is almost destroyed.
You hit the phantom.
The troll zombie bites you but does no damage.
The troll zombie claws you.
* * * LOW HITPOINT WARNING * * *
The troll zombie claws you but does no damage.
You slash the troll zombie!
You destroy the troll zombie!
Trog accepts your kill.
You closely miss the phantom. The phantom hits you.
You die...

............#
...##...#####
........#
........## #
##.......##.#.##
#........hYY..#
#######.####?..
##W# #@### ##)Z#
#Z## #Z# .Z# $..
...# .### #.


You could see a phantom, a goblin zombie, 2 orc zombies and an orc skeleton.

Vanquished Creatures
  An unseen horror (D:12)
  A cyclops (D:8)
  A hornet (D:7)
  Sigmund (D:2)
  A wyvern (D:12)
  A wraith (D:12)
  A shadow (D:12)
  4 yaks (D:12)
  Menkaure (D:6)
  2 orc warriors (D:7)
  An ice beast (D:5)
  2 sky beasts
  5 ogres
  5 centaurs
  4 bullfrogs
  5 scorpions
  A troll zombie (D:12)
  6 killer bees (D:8)
  17 wights
  6 howler monkeys
  A centaur zombie (D:8)
  2 bullfrog zombies
  4 hounds
  6 orc wizards
  A gnoll shaman (D:5)
  Crazy Yiuf (D:2)
  5 orc priests
  2 bullfrog skeletons
  5 worker ants
  5 iguanas
  4 ogre zombies (D:12)
  A worker ant zombie (D:7)
  8 gnolls
  11 adders
  3 shadow imps
  2 white imps (D:8)
  3 oozes
  An adder zombie (D:7)
  2 worms
  2 dart slugs
  4 leopard geckos
  25 orcs
  2 bats
  4 giant cockroaches
  4 hobgoblins
  19 jackals
  8 kobolds
  7 quokkas
  2 ball pythons
  2 frilled lizards
  7 goblins
  A hobgoblin skeleton (D:12)
  A hobgoblin zombie (D:12)
  3 orc zombies (D:12)
  A quokka skeleton (D:4)
  4 rats
  A spectral orc (D:6)
230 creatures vanquished.

Notes
Turn   | Place    | Note
-------+----------+-------------------------------------------
     0 | D:1      | Erina the Minotaur Berserker began the quest for the Orb.
     0 | D:1      | Reached XP level 1. HP: 19/19 MP: 0/0
    88 | D:1      | Reached skill level 4 in Axes
   288 | D:1      | Reached XP level 2. HP: 26/26 MP: 1/1
   902 | D:2      | Found a runed translucent door.
   903 | D:2      | Noticed Crazy Yiuf
   910 | D:2      | Paralysed by Crazy Yiuf for 3 turns
   914 | D:2      | Killed Crazy Yiuf
   915 | D:2      | Reached skill level 5 in Axes
   915 | D:2      | Reached XP level 3. HP: 19/31 MP: 2/2
  1127 | D:2      | Reached XP level 4. HP: 39/39 MP: 3/3
  1242 | D:2      | Reached skill level 6 in Axes
  1445 | D:2      | Reached ** piety under Trog
  1490 | D:2      | Found a faded altar of an unknown god.
  1504 | D:2      | Reached XP level 5. HP: 45/45 MP: 4/4
  1702 | D:2      | Noticed Sigmund
  1719 | D:2      | Killed Sigmund
  1720 | D:2      | Reached skill level 7 in Axes
  1720 | D:2      | Reached XP level 6. HP: 51/51 MP: 5/5
  1966 | D:2      | Found a hazy altar of Hepliaklqana.
  2831 | D:4      | Reached skill level 8 in Axes
  3182 | D:4      | Reached *** piety under Trog
  3215 | D:4      | Reached XP level 7. HP: 43/57 MP: 6/6
  3382 | D:4      | Reached skill level 5 in Armour
  3437 | D:4      | Reached skill level 9 in Axes
  3742 | D:5      | Entered Level 5 of the Dungeon
  4032 | D:5      | Found Gyos's Antique Armour Boutique.
  4045 | D:5      | Bought a glowing cloak for 157 gold pieces
  4317 | D:5      | Found a hide-covered altar of Uskayaw.
  4317 | D:5      | Found a broken altar of Ashenzari.
  4416 | D:5      | Reached skill level 10 in Axes
  4553 | D:5      | Reached XP level 8. HP: 32/64 MP: 7/7
  4947 | D:6      | Reached skill level 11 in Axes
  5144 | D:6      | Noticed Menkaure
  5153 | D:6      | Killed Menkaure
  5415 | D:6      | Reached skill level 12 in Axes
  5531 | D:6      | Reached **** piety under Trog
  5633 | D:6      | Found a basalt altar of Yredelemnul.
  5778 | D:6      | Got a fading mace
  5814 | D:6      | Found a shimmering blue altar of Sif Muna.
  5908 | D:6      | Found a staircase to the Ecumenical Temple.
  5914 | Temple   | Entered the Ecumenical Temple
  6101 | D:6      | Reached XP level 9. HP: 70/70 MP: 8/8
  6422 | D:7      | Reached skill level 13 in Axes
  6518 | D:7      | Found Sishamm's Gadget Shoppe.
  7419 | D:8      | Noticed a cyclops
  7427 | D:8      | Reached skill level 14 in Axes
  7439 | D:8      | Killed a cyclops
  7549 | D:8      | Reached XP level 10. HP: 76/77 MP: 9/9
  8039 | D:8      | Found Ruisix's Antique Armour Boutique.
  8117 | D:8      | Reached ***** piety under Trog
  8534 | D:9      | Got a brightly glowing falchion
  8774 | D:9      | You fall into a shaft and drop 3 floors!
  8774 | D:12     | Found a white marble altar of Elyvilon.
  8816 | D:12     | Reached skill level 15 in Axes
  8821 | D:12     | Reached skill level 10 in Armour
  8837 | D:12     | Killed an unseen horror
  8843 | D:12     | Received a gift from Trog
  8869 | D:12     | HP: 2/77 [troll zombie (7)]
  8874 | D:12     | HP: 2/77 [troll zombie (2)]
  8875 | D:12     | Slain by a phantom

Illustrated notes

Levels and vault maps discovered:
D:1:      tarquinn_simple_flora_water_d, layout_basic
D:2:      layout_loops_corners, lemuel_crystal_altar,
          chequers_ecumenical_altar_simple_redux, uniq_crazy_yiuf_cottage,
          uniq_sigmund
D:3:      layout_loops_cross, kennysheep_generic_room_5
D:4:      layout_gridville
D:5:      layout_gridville, gammafunk_temple_overflow_elements, serial_shops,
          shop
D:6:      layout_basic, yredelemnul_forgotten_temple_becter,
          minmay_temple_entry_fiery, led_sif_book, uniq_menkaure
D:7:      layout_rooms, serial_shops, nicolae_shop_trees
D:8:      layout_loops_cross, serial_shops, shop
D:9:      layout_roguey, serial_shops, shop
D:12:     layout_cave_pools, zombieorc1_lemuel, serial_shops, shop, basic_altar,
          nicolae_trove_entry_isolated
Temple:   regret_index_temple_mists

Skill      XL: |  1  2  3  4  5  6  7  8  9 10 |
---------------+-------------------------------+-----
Axes           | 4 5 6 7 8 10 12 14 15 | 15.8
Armour         | 3 4 6 7 9 10 | 10.9
Fighting       | |  3.6
Dodging        | |  2.1

Action                   |  1- 3 |  4- 6 |  7- 9 | 10-12 || total
-------------------------+-------+-------+-------+-------++-------
Melee: Hand axe          |    26 |   171 |   359 |   211 ||   767
       Headbutt          |     5 |    27 |    69 |    43 ||   144
Invok: Berserk           |     1 |     1 |     9 |     1 ||    12
       Trog's Hand       |       |       |       |     2 ||     2
  Use: Scroll            |       |       |    12 |       ||    12
       Potion            |       |       |       |     1 ||     1
Armor: Chain mail        |     6 |    91 |    17 |       ||   114
       Plate armour      |       |       |   168 |   106 ||   274
Dodge: Dodged            |    11 |    58 |   103 |    52 ||   224
